 Dungeon Crawl Stone Soup version 0.29-a0-997-gf6f7e2dfe7 (webtiles) character file.

Game seed: 14100502884545692242

155843 danilk0ff the Warrior (level 17, -2/162 HPs)
             Began as a Hill Orc Fighter on Aug 3, 2022.
             Was a Believer of Beogh.
             Killed from afar by a shock serpent (9 damage)
             ... with a bolt of electricity
             ... on level 3 of the Snake Pit on Aug 4, 2022.
             The game lasted 01:45:15 (41280 turns).

danilk0ff the Warrior (Hill Orc Fighter)           Turns: 41280, Time: 01:45:16

Health: -2/162     AC: 41    Str: 27    XL:     17   Next: 66%
Magic:  28/28      EV:  4    Int: 14    God:    Beogh [**....]
Gold:   1686       SH: 18    Dex: 11    Spells: 16/16 levels left

rFire   + + +      SeeInvis .   X - +5 war axe of the Toadstool {freeze, rCorr}
rCold   . . .      Faith    +   o - +1 tower shield {rPois}
rNeg    + + .      Spirit   .   c - +0 crystal plate armour of the Kangaroo {+Blink rF+++ Dex-4}
rPois   +          Reflect  .   v - +0 helmet of the Lute {Int+6 Dex+5}
rElec   .          Harm     .   g - +2 cloak
rCorr   +          Rampage  .   O - +2 pair of gloves
Will    +....                   n - +2 pair of boots
Stlth   ..........              r - amulet of faith
HPRegen 0.37/turn               u - ring of Penos {Drain +Blink Fly rN++ Slay+6}
MPRegen 0.21/turn               w - +4 ring of protection

@: flying
A: no striking features
a: Renounce Religion, Evoke Blink, Smiting


You were on level 3 of the Snake Pit.
You worshipped Beogh.
Beogh was pleased with you.
You visited 4 branches of the dungeon, and saw 25 of its levels.
You also visited: Gauntlet.

You collected 2064 gold pieces.
You spent 378 gold pieces at shops.

Inventory:

Hand Weapons
 X - the +5 war axe of the Toadstool (weapon) {freeze, rCorr}
   (You bought it in a shop on level 10 of the Dungeon)

   It freezes those it strikes, dealing additional cold damage.
   It can also slow down cold-blooded creatures.
   rCorr:     It protects you from acid and corrosion.
Missiles
 B - 3 throwing nets (quivered)
Armour
 c - the +0 crystal plate armour of the Kangaroo (worn) {+Blink rF+++ Dex-4}
   (You acquired it on level 1 of the Snake Pit)

   Dex:       It affects your dexterity (-4).
   rF:        It renders you almost immune to fire.
   +Blink:    It lets you blink.
 g - a +2 cloak (worn)
 n - a +2 pair of boots (worn)
 o - a +1 tower shield of poison resistance (worn)
 v - the +0 helmet of the Lute (worn) {Int+6 Dex+5}
   (You found it in a Gauntlet)

   Int:       It affects your intelligence (+6).
   Dex:       It affects your dexterity (+5).
 O - a +2 pair of gloves (worn)
Jewellery
 a - a ring of protection from fire
 b - a ring of protection from cold
 f - a ring of ice
 k - a ring of willpower
 p - the amulet of Tosmum {RegenMP *Corrode rC+++ Will+++ Int-3}
   (You found it in a Gauntlet)

   [amulet of magic regeneration]

   It increases your rate of magic regeneration.
   Int:       It affects your intelligence (-3).
   rC:        It renders you almost immune to cold.
   *Corrode:  It may corrode you when you take damage.
   Will:      It greatly increases your willpower.
 r - an amulet of faith (around neck)
 u - the ring of Penos (left hand) {Drain +Blink Fly rN++ Slay+6}
   (You acquired it on level 1 of the Lair of Beasts)

   [ring of flight]

   Slay:      It affects your accuracy & damage with ranged weapons and melee
   (+6).
   rN:        It greatly protects you from negative energy.
   Fly:       It grants you flight.
   +Blink:    It lets you blink.
   Drain:     It drains your maximum health when unequipped.
 w - a +4 ring of protection (right hand)
Wands
 s - a wand of flame (35)
 z - a wand of mindburst (31)
 E - a wand of iceblast (2)
 G - a wand of polymorph (13)
 I - a wand of digging (2)
 K - a wand of paralysis (10)
 M - a wand of acid (8)
Scrolls
 d - a scroll of enchant armour
 i - 2 scrolls of silence
 j - 2 scrolls of vulnerability
 m - 4 scrolls of amnesia
 q - 5 scrolls of butterflies
 t - 4 scrolls of teleportation
 y - 9 scrolls of identify
 A - 2 scrolls of blinking
 F - 3 scrolls of immolation
 J - a scroll of magic mapping {unknown}
 S - 2 scrolls of fear
Potions
 e - 7 potions of lignification
 h - 5 potions of invisibility
 l - 7 potions of curing
 x - a potion of brilliance
 C - 2 potions of haste
 D - 3 potions of resistance
 H - a potion of magic
 L - a potion of ambrosia
 T - 4 potions of cancellation
 V - a potion of might
Miscellaneous
 P - a box of beasts
 Q - a phantom mirror
 U - a tin of tremorstones (2/2)
 Y - a phial of floods


   Skills:
 + Level 17.4 Fighting
 + Level 16.9 Axes
 + Level 16.1 Armour
 + Level 14.3 Shields
 + Level 15.2 Invocations
 + Level 11.6 Evocations


You had 16 spell levels left.
You didn't know any spells.
Your spell library contained the following spells:

 Spells                   Type           Power      Damage    Failure   Level
 Apportation              Tloc           0%         N/A       100%        1
 Slow                     Hex            0%         N/A       100%        1
 Summon Small Mammal      Summ           0%         N/A       100%        1
 Ensorcelled Hibernation  Hex/Ice        0%         N/A       100%        2
 Passwall                 Tmut/Erth      0%         N/A       100%        2
 Call Canine Familiar     Summ           0%         N/A       100%        3
 Confusing Touch          Hex            0%         N/A       100%        3
 Conjure Flame            Conj/Fire      0%         6-21      100%        3
 Dazzling Flash           Conj/Hex       0%         N/A       100%        3
 Ignite Poison            Fire/Tmut/Pois 0%         N/A       100%        3
 Portal Projectile        Hex/Tloc       0%         N/A       100%        3
 Summon Guardian Golem    Hex/Summ       0%         N/A       100%        3
 Swiftness                Air            0%         N/A       100%        3
 Tukima's Dance           Hex            0%         N/A       100%        3
 Vampiric Draining        Necr           0%         2d6       100%        3
 Animate Armour           Summ/Erth      0%         N/A       100%        4
 Animate Dead             Necr           0%         N/A       100%        4
 Iskenderun's Mystic Bla  Conj/Tloc      0%         2d3       100%        4
 Sticky Flame             Conj/Fire      0%         2d3       100%        4
 Alistair's Intoxication  Tmut/Pois      0%         N/A       100%        5
 Blade Hands              Tmut           0%         N/A       100%        5
 Yara's Violent Unravell  Hex/Tmut       0%         3d3       100%        5
 Iron Shot                Conj/Erth      0%         9d1       100%        6
 Starburst                Conj/Fire      0%         6d3       100%        6
 Enfeeble                 Hex            0%         N/A       100%        7
 Haunt                    Necr/Summ      0%         N/A       100%        7
 Orb of Destruction       Conj           0%         9d5       100%        7
 Spellforged Servitor     Conj/Summ      0%         N/A       100%        7
 Infestation              Necr           0%         N/A       100%        8
 Chain Lightning          Conj/Air       0%         N/A       100%        9
 Fire Storm               Conj/Fire      0%         5d1       100%        9
 Shatter                  Erth           0%         3d5*      100%        9


Dungeon Overview and Level Annotations

Branches:
Dungeon (14/15)            Temple (0/1) D:7            Lair (5/5) D:11
 Shoals (0/4) Lair:3        Snake (4/4) Lair:3        Slime (0/5) Lair:4
    Orc (2/2) D:9             Elf (0/3) Orc:2        Vaults (0/5) D:13
Gauntlet (visited)

Altars:
Fedhas
Kikubaaqudgha
Nemelex Xobeh
Okawaru
Vehumet
Xom
Beogh
Lugonu

Shops:
D:1 ??   D:10 :[([   D:13 *   D:14 (   Orc:2 =[[!   Snake:2 :

Portals:
Abyss: D:12
Trove: D:10 (give 7 scrolls of fear)

Annotations:
Snake:2 1 runed translucent door
Snake:4 Nikola
Orc:1 2 transporters, Pukeh's ghost, novice DECj


Message History

There is a stone staircase leading up here.
The shock serpent shoots out a bolt of lightning at you!
The bolt of electricity hits you!! You block the anaconda's attack. x2
Nikola casts a spell at you.
The bolt of lightning misses the shock serpent.
The bolt of lightning hits you!!
* * * LOW HITPOINT WARNING * * *
The naga sharpshooter casts a spell.
The naga sharpshooter magically shoots an arrow.
You block the arrow.
The shock serpent bites you but does no damage.
You fly upwards.
There is a stone staircase leading down here.
You barely miss the shock serpent.
The shock serpent is moderately wounded.
The shock serpent shoots out a bolt of lightning at you!
The bolt of electricity hits you!!
* * * LOW HITPOINT WARNING * * *
You miss the shock serpent.
The shock serpent is moderately wounded.
The shock serpent shoots out a bolt of lightning at you!
The bolt of electricity hits you!
* * * LOW HITPOINT WARNING * * *
You slash the shock serpent!
The shock serpent seems to slow down.
You freeze the shock serpent.
The shock serpent is heavily wounded.
The shock serpent's electric aura discharges, shocking you!
The shock serpent bites you but does no damage.
You closely miss the shock serpent.
The shock serpent is heavily wounded.
The shock serpent is no longer moving slowly.
The shock serpent barely misses you.
You slash the shock serpent!
The shock serpent seems to slow down.
You freeze the shock serpent.
The shock serpent is severely wounded.
The shock serpent's electric aura discharges, shocking you!
* * * LOW HITPOINT WARNING * * *
The shock serpent shoots out a bolt of lightning at you!
The bolt of electricity hits you!
You die...

..# #.......##...##.......# ..#
#.....................# ..#
#.....................# .##
#.....................# .#
#....≈≈≈≈≈≈≈≈≈≈≈≈≈....# ##
#....≈≈≈≈≈≈≈≈≈≈≈≈≈....# #
####....≈≈.........≈≈....#
#.###...≈≈)#######.≈≈...####
#..##...≈≈)#..@.)#.≈≈...##.##
#.......≈≈)#...S)#.≈≈.......##
#.......≈≈)#....)#.≈≈........#
#.......≈≈.#....)#.≈≈........#
##.##...≈≈.#....)#.≈≈...##.#.#
####...≈≈)##'''##.≈≈...####.##
#.(..≈≈)))......≈≈....###..# ###
#....≈≈≈≈≈≈≈≈≈≈≈≈≈....##...#
##.###....≈≈≈≈≈≈≈≈≈≈≈≈≈....##....


You could see a shock serpent (slow).

Vanquished Creatures
  Jorgrun (D:14)
  7 orc warlords
  The ghost of manyhoops the Black Belt, a journeyman DgTm (D:13)
  Louise (D:14)
  Azrael (D:14)
  A minotaur (Gauntlet)
  An ettin (D:14)
  Josephine (Orc:2)
  Fannar (Lair:3)
  An ice dragon (Lair:5)
  A salamander tyrant (Snake:3)
  3 catoblepae
  5 boulder beetles
  6 hydras
  8 anacondas
  3 centaur warriors
  12 naga warriors
  19 death yaks
  4 ogre magi (Orc:2)
  18 two-headed ogres
  3 orc high priests
  Urug (Lair:1)
  Amaemon (Lair:3)
  12 naga sharpshooters
  2 shock serpents (Snake:1)
  A flayed ghost (D:14)
  3 sea snakes
  2 wizards (D:13)
  8 naga ritualists
  2 lindwurms (Lair:5)
  2 orc knights
  A necromancer (D:13)
  2 deep elf pyromancers
  6 salamanders
  10 mana vipers
  An ugly thing (D:13)
  3 orc sorcerers
  4 manticores
  8 cyclopes
  2 oklob plants
  A rust devil (Gauntlet)
  8 naga magi
  30 black mambas
  4 guardian serpents
  19 elephants
  A gargoyle (D:12)
  6 torpor snails (Lair:5)
  An orange demon (Lair:3)
  12 cane toads
  Maggie (Lair:2)
  14 komodo dragons
  5 kobold demonologists
  A rime drake (Lair:3)
  12 trolls
  4 tyrant leeches (Lair:5)
  2 polar bears
  5 orc priests
  8 hornets
  2 raiju (shapeshifter) (D:14)
  6 slime creatures (D:13)
  2 dream sheep (Lair:5)
  12 dancing weapons
  13 blink frogs
  2 centaur simulacra (Gauntlet)
  Sigmund (D:3)
  3 wyverns
  A shadow (D:9)
  A ynoxinul (Gauntlet)
  7 wraiths
  4 fire elementals (D:14)
  47 yaks
  3 basilisks
  A steam dragon (D:7)
  A vampire (D:12)
  A redback (shapeshifter) (D:14)
  Grum (Lair:1)
  10 wargs
  A harpy simulacrum (Gauntlet)
  8 vampire mosquitoes
  3 acid dragons
  34 nagas
  2 swamp worms (Lair:5)
  4 hell hounds (D:14)
  14 water moccasins
  5 ice beasts
  44 orc warriors
  A sky beast (D:5)
  A swamp drake (D:9)
  2 black bears
  An ice dragon simulacrum (Gauntlet)
  17 wolves
  37 ogres
  9 centaurs
  2 phantoms (D:5)
  9 kobold brigands
  2 necrophages
  12 bullfrogs
  A gnoll sergeant (D:8)
  2 scorpions
  30 killer bees
  6 electric eels
  3 howler monkeys
  3 vampire bats (D:5)
  7 hounds
  5 jellies
  4 gnoll boudas
  2 iron imps (Gauntlet)
  Terence (D:3)
  11 iguanas
  21 orc wizards
  A boggart simulacrum (Gauntlet)
  25 gnolls
  11 adders
  A shadow imp (D:6)
  A white imp (D:5)
  An ufetubus (D:6)
  3 worms
  2 dart slugs
  81 orcs
  6 ball pythons
  3 bats
  3 bat skeletons (D:5)
  3 bat zombies (D:5)
  8 endoplasms
  7 giant cockroaches
  14 goblins
  8 hobgoblins
  4 jackals (D:2)
  3 quokkas
  3 frilled lizards
  11 kobolds
  5 rats
  A lurking horror (D:12)
930 creatures vanquished.

Vanquished Creatures (collateral kills)
  A hydra (Lair:4)
  A fire crab (Lair:5)
  An orc knight (Orc:1)
  5 elephants
  3 cane toads (Lair:5)
  2 rime drakes
  2 komodo dragons
  3 blink frogs
  A snapping turtle (Lair:3)
  A yak (Lair:4)
  A wyvern (Lair:3)
  A swamp worm (Lair:5)
  An ogre (Orc:2)
  A bullfrog (Lair:4)
  An orc priest (Orc:2)
  An orc wizard (Orc:2)
  7 orcs
33 creatures vanquished.

Vanquished Creatures (others)
  An orc knight (Lair:5)
  A naga ritualist (Snake:4)
  3 black mambas (Snake:4)
  A naga (Snake:4)
  5 orc warriors
  3 orc priests
  2 orc wizards
  10 orcs
  2 bushes
  60 fungi
  104 plants
192 creatures vanquished.

Grand Total: 1155 creatures vanquished

Notes
Turn   | Place    | Note
-------+----------+-------------------------------------------
     0 | D:1      | danilk0ff the Hill Orc Fighter began the quest for the Orb.
     0 | D:1      | Reached XP level 1. HP: 19/19 MP: 1/1
    92 | D:1      | Found Nayrec's Magic Scroll Boutique.
   162 | D:1      | Reached XP level 2. HP: 25/27 MP: 2/2
   214 | D:1      | You fall into a shaft and drop 1 floor!
   429 | D:2      | Reached skill level 4 in Fighting
   439 | D:2      | Reached XP level 3. HP: 28/33 MP: 3/3
   911 | D:1      | Found Ybben's Magic Scroll Shoppe.
   930 | D:1      | Bought a scroll of identify for 22 gold pieces
  1139 | D:2      | Found a faded altar of an unknown god.
  1588 | D:2      | Reached XP level 4. HP: 37/40 MP: 4/4
  2398 | D:3      | Noticed Terence
  2414 | D:3      | Killed Terence
  2415 | D:3      | Reached XP level 5. HP: 30/47 MP: 5/5
  2648 | D:3      | Noticed Sigmund
  2660 | D:3      | Killed Sigmund
  2661 | D:3      | Reached skill level 5 in Fighting
  2661 | D:3      | Reached skill level 5 in Axes
  2661 | D:3      | Reached XP level 6. HP: 47/56 MP: 6/6
  3575 | D:4      | Reached skill level 5 in Armour
  3575 | D:4      | Reached skill level 5 in Shields
  3669 | D:4      | Reached XP level 7. HP: 58/61 MP: 7/7
  4277 | D:5      | Entered Level 5 of the Dungeon
  4449 | D:5      | Reached skill level 6 in Fighting
  4661 | D:5      | Reached XP level 8. HP: 51/71 MP: 8/8
  4932 | D:5      | Found an ancient bone altar of Kikubaaqudgha.
  5436 | D:5      | Reached skill level 7 in Fighting
  6146 | D:6      | Found a radiant altar of Vehumet.
  6170 | D:6      | Reached XP level 9. HP: 76/79 MP: 9/9
  6842 | D:6      | Reached skill level 8 in Fighting
  7339 | D:6      | Found a sparkling altar of Nemelex Xobeh.
  7339 | D:6      | Found an iron altar of Okawaru.
  7436 | D:7      | Found a staircase to the Ecumenical Temple.
  7783 | D:7      | Reached skill level 9 in Fighting
  7783 | D:7      | Reached XP level 10. HP: 32/91 MP: 10/10
  8584 | D:7      | Found a shimmering altar of Xom.
  8585 | D:7      | Found a shimmering altar of Xom.
  8585 | D:7      | Found a shimmering altar of Xom.
  8586 | D:7      | Found a shimmering altar of Xom.
  9057 | D:8      | Reached skill level 10 in Axes
  9857 | D:8      | Paralysed by a hornet for 3 turns
  9895 | D:8      | Reached skill level 10 in Fighting
 10919 | D:8      | Reached XP level 11. HP: 80/101 MP: 11/11
 11050 | D:9      | Found a blossoming altar of Fedhas.
 11070 | D:9      | Noticed an oklob plant
 11101 | D:9      | Killed an oklob plant
 11685 | D:9      | Reached skill level 10 in Armour
 11798 | D:9      | Identified the +4 scale mail of Resonance {rC+++ Will-
                  | Str+9 Stlth-}
 11868 | D:9      | Identified the +1 plate armour "Wyriell" {Str+7}
 12027 | D:9      | Reached skill level 11 in Fighting
 12033 | D:9      | Found a staircase to the Orcish Mines.
 12822 | D:10     | Entered Level 10 of the Dungeon
 13219 | D:10     | Found Temawn's Armour Emporium.
 13275 | D:10     | Found Hoewnougg's Armour Shoppe.
 13290 | D:10     | Bought a +0 kite shield for 76 gold pieces
 13307 | D:10     | Found Heneudghi's Book Emporium.
 13389 | D:10     | Found a portal to a secret trove of treasure.
 13398 | D:10     | Noticed a two-headed ogre
 13409 | D:10     | Killed a two-headed ogre
 13410 | D:10     | Reached skill level 1 in Evocations
 13727 | D:10     | Found Uhymocy's Antique Weapon Shop.
 13756 | D:10     | Bought a slimy war axe for 280 gold pieces
 13756 | D:10     | Identified the +5 war axe of the Toadstool {freeze, rCorr}
                  | (You bought it in a shop on level 10 of the Dungeon)
 13779 | D:11     | Noticed a manticore
 13816 | D:11     | Noticed a two-headed ogre
 13867 | D:11     | Killed a manticore
 14119 | D:11     | Killed a two-headed ogre
 14120 | D:11     | Reached skill level 10 in Shields
 14187 | D:11     | Noticed a manticore
 14196 | D:11     | Killed a manticore
 14468 | D:11     | Noticed a cyclops
 14476 | D:11     | Killed a cyclops
 14879 | D:11     | Found a staircase to the Lair.
 14890 | D:11     | Noticed a manticore
 14908 | D:11     | Killed a manticore
 14909 | D:11     | Reached skill level 12 in Fighting
 14909 | D:11     | Reached XP level 12. HP: 44/112 MP: 12/12
 15480 | D:12     | Became a worshipper of Beogh the Brigand
 15544 | D:12     | Noticed a two-headed ogre
 15555 | D:12     | Killed a two-headed ogre
 15843 | D:12     | Noticed a centaur warrior
 15863 | D:12     | Killed a centaur warrior
 15910 | D:12     | Found a corrupted altar of Lugonu.
 16202 | D:12     | Found a one-way gate to the infinite horrors of the Abyss.
 16358 | Lair:1   | Entered Level 1 of the Lair of Beasts
 16472 | Lair:1   | Identified 2 scrolls of acquirement
 16549 | Lair:1   | Acquired an amulet of faith
 16561 | Lair:1   | Acquired the ring of Penos {Drain +Blink Fly rN++ Slay+6}
 16612 | Lair:1   | Noticed Urug
 16657 | Lair:1   | Reached * piety under Beogh
 16707 | Lair:1   | Noticed Grum
 16718 | Lair:1   | Killed Grum
 16778 | Lair:1   | Killed Urug
 16849 | Lair:1   | Noticed a six-headed hydra
 16856 | Lair:1   | Killed an eight-headed hydra
 16857 | Lair:1   | Reached skill level 5 in Evocations
 16936 | Lair:1   | Reached skill level 13 in Fighting
 17026 | Lair:1   | Reached XP level 13. HP: 107/122 MP: 13/13
 17206 | Lair:1   | Reached ** piety under Beogh
 17527 | Lair:2   | Noticed Maggie
 17530 | Lair:2   | Killed Maggie
 17723 | Lair:2   | Reached skill level 1 in Invocations
 17978 | Lair:2   | Reached *** piety under Beogh
 18903 | Lair:3   | Found a staircase to the Snake Pit.
 18904 | Lair:3   | Noticed Amaemon
 18921 | Lair:3   | Killed Amaemon
 18922 | Lair:3   | Reached skill level 5 in Invocations
 19014 | Lair:3   | Noticed Fannar
 19029 | Lair:3   | Killed Fannar
 19029 | Lair:3   | Reached **** piety under Beogh
 19034 | Lair:3   | Reached skill level 14 in Fighting
 19360 | Lair:3   | Reached XP level 14. HP: 107/132 MP: 18/18
 19414 | Lair:3   | Reached skill level 15 in Axes
 19523 | Lair:3   | Identified the +2 leather armour "Foifyar" {Rampage Will+
                  | Slay+5 SInv}
 20245 | Lair:3   | Found a staircase to the Shoals.
 20441 | Lair:4   | Found a staircase to the Slime Pits.
 21515 | Lair:5   | Entered Level 5 of the Lair of Beasts
 21543 | Lair:5   | Gained Gorm as an ally
 21601 | Lair:5   | Reached ***** piety under Beogh
 22072 | Lair:5   | Reached skill level 10 in Invocations
 22497 | Lair:5   | Your ally Gorm died
 22858 | Lair:5   | HP: 6/133 [death yak (19)]
 23330 | Lair:5   | Reached skill level 15 in Fighting
 23330 | Lair:5   | Reached XP level 15. HP: 141/141 MP: 22/22
 24262 | Lair:5   | Found a runed translucent door.
 25322 | Lair:5   | Upgraded the game from 0.29-a0-994-gc5c9f59d18 to
                  | 0.29-a0-997-gf6f7e2dfe7
 25557 | Orc:1    | Entered Level 1 of the Orcish Mines
 25580 | Orc:1    | Noticed an orc warlord
 25582 | Orc:1    | Noticed Pukeh's ghost (novice DECj)
 25588 | Orc:1    | Found a transporter.
 25689 | Orc:1    | Found a transporter.
 26076 | Orc:2    | Entered Level 2 of the Orcish Mines
 26077 | Orc:2    | Found a roughly hewn altar of Beogh.
 26091 | Orc:2    | Found a gate leading to a gauntlet.
 26148 | Gauntlet | Entered a Gauntlet
 26148 | Gauntlet | Found a transporter.
 26148 | Gauntlet | Found a transporter.
 26155 | Gauntlet | Found a transporter.
 26174 | Gauntlet | Found a transporter.
 26194 | Gauntlet | Found a transporter.
 26210 | Gauntlet | Found a transporter.
 26307 | Gauntlet | Found a transporter.
 26322 | Gauntlet | Found a transporter.
 26348 | Gauntlet | Found a transporter.
 26351 | Gauntlet | Found a transporter.
 26369 | Gauntlet | Found a transporter.
 26454 | Gauntlet | Found a transporter.
 26464 | Gauntlet | Found a transporter.
 26474 | Gauntlet | Found a transporter.
 26482 | Gauntlet | Found a transporter.
 26512 | Gauntlet | Found a transporter.
 26598 | Gauntlet | Identified the +2 chain mail "Pusmer" {*Corrode rElec rC+++
                  | Int+7}
 26717 | Gauntlet | Identified the amulet of Tosmum {RegenMP *Corrode rC+++
                  | Will+++ Int-3}
 26781 | Gauntlet | Identified the +0 helmet of the Lute {Int+6 Dex+5}
 26898 | Gauntlet | Identified the +5 glaive "Xolosuor" {flame, Int+3 SInv}
 27140 | Orc:2    | Noticed Josephine
 27145 | Orc:2    | Killed Josephine
 27213 | Orc:2    | Found a staircase to the Elven Halls.
 27261 | Orc:2    | Found Alenerhu's Jewellery Boutique.
 27261 | Orc:2    | Found Tarhuix's Antique Armour Emporium.
 27262 | Orc:2    | Found Pulo's Armour Emporium.
 27262 | Orc:2    | Found Ichu's Distillery.
 27267 | Orc:2    | Was placed under penance by Beogh
 27268 | Orc:2    | Reached skill level 16 in Fighting
 27293 | Orc:2    | Reached XP level 16. HP: 72/151 MP: 25/25
 28270 | D:13     | Found Onasergh's CLEARANCE SALE!.
 28970 | D:13     | Reached skill level 10 in Evocations
 29534 | D:13     | Found a runed translucent gate.
 29534 | D:13     | Found a runed translucent gate.
 29534 | D:13     | Found a runed translucent gate.
 29559 | D:13     | Found a gate to the Vaults.
 29607 | D:13     | Noticed manyhoops's ghost (journeyman DgTm)
 29848 | D:13     | HP: 1/151 [manyhoops's ghost (11)]
 29966 | D:13     | HP: 7/151 [manyhoops's ghost (18)]
 30395 | D:13     | Killed manyhoops's ghost
 30396 | D:13     | Reached skill level 15 in Armour
 30828 | D:14     | Noticed Louise
 30850 | D:14     | Killed Louise
 30951 | D:14     | Found Feaw's Weapon Boutique.
 31026 | D:14     | Noticed Azrael
 31042 | D:14     | Killed Azrael
 32135 | D:14     | Noticed Jorgrun
 32501 | D:14     | Killed Jorgrun
 33068 | Snake:1  | Entered Level 1 of the Snake Pit
 34392 | Snake:1  | Acquired the +0 crystal plate armour of the Kangaroo
                  | {+Blink rF+++ Dex-4}
 36764 | Snake:2  | Found Ysaschumm's Book Boutique.
 36957 | Snake:2  | Found a runed translucent door.
 36996 | Snake:2  | Reached XP level 17. HP: 160/160 MP: 27/27
 37158 | Snake:3  | Reached skill level 17 in Fighting
 38297 | Snake:3  | Was forgiven by Beogh
 40006 | Snake:3  | Reached skill level 15 in Invocations
 40064 | Snake:3  | HP: 5/161 [naga sharpshooter/arrow (16)]
 41246 | Snake:4  | Entered Level 4 of the Snake Pit
 41267 | Snake:4  | Noticed Nikola
 41280 | Snake:3  | HP: 6/162 [shock serpent/electric aura (7)]
 41280 | Snake:3  | Killed from afar by a shock serpent

Illustrated notes

Levels and vault maps discovered:
D:1:      roderic_octagonal_star, layout_loops_ring, serial_shops, shop_statue,
          shop
D:2:      layout_basic, basic_ecumenical_altar, minmay_tromino_i2
D:3:      layout_basic, minmay_misc_feat_room, minmay_fountain_box,
          uniq_sigmund, uniq_terence
D:4:      layout_basic, dk_rats_in_the_wall
D:5:      layout_loops_cross, kennysheep_vampire_church
D:6:      minmay_skewed_foursquare, layout_cave_pools,
          mainiacjoe_overflow_concentric_impassable,
          nicolae_overflow_two_pavilions, minmay_alternating_orb
D:7:      layout_loops_ring, xom_redecorated, minmay_temple_entry_grid,
          nicolae_hexahallways
D:8:      layout_cave_pods, enter_bailey_3, minmay_misc_feat_rows,
          chequers_big_river
D:9:      layout_irregular_city, tgw_fedhas, erik_orc_1
D:10:     layout_long_grid, nicolae_trove_entry_isolated, serial_shops,
          nicolae_shop_waterfront, shop, nicolae_shop_trees,
          nicolae_shop_window_shopping
D:11:     layout_cave_pods, david_lair_shrubbed, portal_ice_cave_entry_pillars_1
D:12:     layout_roguey, hangedman_decor_riveting,
          amcnicky_altar_lugonu_corruption
D:13:     layout_stronghold, david_vaults_1, gammafunk_ghost_nasty_kobolds,
          nicolae_shop_clearance
D:14:     layout_basic, serial_shops, nicolae_diamond_shop, minmay_radiant,
          uniq_azrael, uniq_jorgrun, uniq_louise
Lair:1:   beast_lair_carwin_large_1, layout_chaotic_city, uniq_urug, uniq_grum
Lair:2:   layout_small_grid, beast_lair_carwin_6, uniq_maggie
Lair:3:   layout_loops_ring, minmay_shoals_entry_hut,
          guppyfry_snake_entry_garden, serial_bayou_shore_a, grunt_megastairs_2,
          uniq_amaemon, uniq_fannar
Lair:4:   layout_layer_cave, slime_entry_1
Lair:5:   wormcave, layout_regular_city, worms_lemuel
Snake:1:  layout_onion, grunt_megastairs_1
Snake:2:  cheibrodos_toxic_ritual, layout_grid_shapes, serial_shops, shop
Snake:3:  nicolae_snake_shooting_gallery, layout_layer_cave,
          serial_bayou_pond_d, nicolae_snake_round_shape_thing
Snake:4:  snake_pit_salamanders_mu, layout_layer_cave,
          nicolae_shop_unique_rings, nicolae_snake_omega, uniq_nikola
Orc:1:    layout_caves, gammafunk_ghost_arena, lightli_orcish_oven
Orc:2:    st_orc_ogre_mass, layout_caves, gauntlet_entry_generic, basic_altar,
          uniq_josephine

Skill      XL: |  1  2  3  4  5  6  7  8  9 10 11 12 13 14 15 16 17 |
---------------+----------------------------------------------------+-----
Axes           | 3 4 5 6 7 9 11 12 13 14 15 16 | 16.9
Fighting       | 4 5 6 7 9 10 12 13 14 15 16 17 | 17.4
Shields        | 4 5 6 8 9 10 11 12 13 14 | 14.3
Armour         | 4 5 6 8 9 11 12 13 14 15 16 | 16.1
Evocations     | 2 5 6 8 9 11 | 11.6
Invocations    | 6 10 13 14 15 | 15.2

Action                   |  1- 3 |  4- 6 |  7- 9 | 10-12 | 13-15 | 16-18 || total
-------------------------+-------+-------+-------+-------+-------+-------++-------
Melee: War axe           |   105 |   154 |   360 |   700 |   725 |   897 ||  2941
Throw: Dart              |       |       |       |     3 |       |       ||     3
       Throwing net      |       |       |       |     2 |       |       ||     2
Invok: Convert to Beogh  |       |       |       |     1 |       |       ||     1
       Recall Orcish Fol |       |       |       |       |     3 |       ||     3
       Smiting           |       |       |       |       |     2 |       ||     2
 Abil: Evoke Blink       |       |       |       |       |     9 |     5 ||    14
Evoke: Wand              |       |       |       |    13 |       |     4 ||    17
       Tin of tremorston |       |       |       |     2 |       |       ||     2
  Use: Scroll            |     2 |     2 |     3 |    19 |     7 |     9 ||    42
       Potion            |       |     1 |     4 |     2 |     4 |     6 ||    17
 Stab: Distracted        |       |       |       |       |     4 |       ||     4
       Petrifying        |       |       |       |       |       |     2 ||     2
Armor: Scale mail        |    52 |    83 |   183 |       |       |       ||   318
       Plate armour      |       |       |    98 |   403 |   381 |   177 ||  1059
       Skin              |       |       |       |    23 |       |       ||    23
       Crystal plate arm |       |       |       |       |       |   333 ||   333
Dodge: Dodged            |    50 |    67 |   208 |   436 |   144 |   130 ||  1035
Block: Buckler           |    20 |    35 |   117 |   165 |       |       ||   337
       Kite shield       |       |       |       |   135 |   364 |   233 ||   732
       Tower shield      |       |       |       |       |       |   519 ||   519

Table legend: (Time is in decaauts)
 A = Elapsed time spent in this place.
 B = Non-inter-level travel time spent in this place.
 C = Inter-level travel time spent in this place.
 D = Time resting spent in this place.
 E = Time spent auto-exploring this place.
 F = Levels seen in this place.
 G = Mean time per level.
                   A        B        C        D        E       F      G
               +--------+--------+--------+--------+--------+-----+--------+
         Total |  41273 |  39790 |   1483 |  13724 |  19138 |  26 | 1587.4 |
       Dungeon |  21769 |  20845 |    924 |   6364 |  10979 |  14 | 1554.9 |
          Lair |   9421 |   9081 |    340 |   2791 |   4859 |   5 | 1884.2 |
     Snake Pit |   7827 |   7688 |    139 |   4398 |   2046 |   4 | 1956.8 |
  Orcish Mines |   1493 |   1416 |     77 |    170 |   1022 |   2 |  746.5 |
      Gauntlet |    760 |    760 |      0 |      0 |    231 |   1 |  760.0 |
               +--------+--------+--------+--------+--------+-----+--------+

Top non-repeatable levels by time:
 Snake:3: 3473 daAuts
 Snake:1: 2898 daAuts
    D:13: 2865 daAuts
  Lair:5: 2681 daAuts
     D:8: 2322 daAuts
  Lair:3: 2138 daAuts
     D:5: 1918 daAuts
  Lair:4: 1771 daAuts
     D:9: 1753 daAuts
    D:14: 1738 daAuts
    D:11: 1660 daAuts
  Lair:2: 1617 daAuts
     D:7: 1431 daAuts
 Snake:2: 1427 daAuts
    D:12: 1348 daAuts
